 Dungeon Crawl Stone Soup version 0.29-a0-732-g3d7fbe0af2 (webtiles) character file.

Game seed: 11481601057593017280

361 jesse the Magician (level 6, -12/40 HPs)
             Began as a Djinni Fire Elementalist on June 29, 2022.
             Killed by an exploding orc (28 damage)
             ... ignited by their inner flame
             ... on level 6 of the Dungeon.
             The game lasted 00:21:20 (5666 turns).

jesse the Magician (Djinni Fire Elementalist)       Turns: 5666, Time: 00:21:22

Health: -12/40     AC:  3    Str:  7    XL:     6   Next: 99%
Gold:   143        EV: 12    Int: 19    God:
                   SH:  0    Dex: 13

rFire   + . .      SeeInvis .   u - +2 quarterstaff (chaos)
rCold   . . .      Faith    +   (shield currently unavailable)
rNeg    . . .      Spirit   .   a - +0 robe
rPois   ∞          Reflect  .   (no helmet)
rElec   .          Harm     .   v - +0 cloak
rCorr   .          Rampage  .   (no gloves)
Will    +....                   (boots unavailable)
Stlth   ++........              j - amulet of faith
HPRegen 0.13/turn               i - ring of ice
MPRegen 0.00/turn               t - ring of willpower

@: flying
A: sickness immunity, fire resistance 2, cold vulnerability 1, float, innate
caster, HP casting, extra vitality 1
a: no special abilities


You were on level 6 of the Dungeon.
You visited 1 branch of the dungeon, and saw 5 of its levels.

You collected 143 gold pieces.

Inventory:

Hand Weapons
 u - a +2 quarterstaff of chaos (weapon)
Missiles
 c - 12 poisoned darts
Armour
 a - a +0 robe (worn)
 v - a +0 cloak (worn)
Jewellery
 i - a ring of ice (left hand)
 j - an amulet of faith (around neck)
 t - a ring of willpower (right hand)
Wands
 h - a wand of digging (4)
 q - a wand of iceblast (8)
Scrolls
 b - 2 scrolls of fog
 e - 2 scrolls of poison
 k - a scroll of fear {unknown}
 m - a scroll of noise {unknown}
 p - a scroll of blinking {unknown}
 r - a scroll of magic mapping {unknown}
Potions
 f - a potion of haste {unknown}
 g - a potion of lignification {unknown}
 l - a potion of invisibility {unknown}
 n - 4 potions of curing
 o - a potion of heal wounds {unknown}
 s - 2 potions of might


   Skills:
 - Level 2.0 Short Blades
 * Level 0.7 Staves
 - Level 2.1 Dodging
 - Level 1.5 Stealth
 + Level 5.1 Spellcasting


You couldn't memorise any spells.
You knew the following spells:

 Your Spells              Type           Power      Damage    Failure   Level
a - Foxfire               Conj/Fire      96%        2x1d8     1%          1
b - Scorch                Fire           48%        2d7       2%          2
c - Conjure Flame         Conj/Fire      24%        6-21      4%          3
d - Inner Flame           Hex/Fire       24%        N/A       4%          3
e - Flame Wave            Conj/Fire      24%        2d7       14%         4
f - Magic Dart            Conj           96%        1d7       1%          1
g - Blink                 Tloc           48%        N/A       2%          2
Your spell library was empty.

Dungeon Overview and Level Annotations

Branches:
Dungeon (4/15)
 Temple: D:4-7

Altars:
Ashenzari


Innate Abilities, Weirdness & Mutations

You are immune to sickness and miasma.
You are immune to poison.
Your flesh is very heat resistant. (rF++)
You are vulnerable to cold. (rC-)
You float through the air rather than walking.
You learn spells naturally, not from books.
Your magical power is your life essence.
You have superior vitality. (+4 MHP)


Message History

The magic dart hits the orc.
Flame seeps out of the orc.
The orc is moderately wounded.
* * * LOW HITPOINT WARNING * * *
An orc priest comes into view. It is wielding a +0 mace.
The orc is engulfed in blazing flames.
The orc explodes!
You hear a shout!
As you read the scroll of fog, it crumbles to dust.
The scroll dissolves into smoke.
You feel better.
Casting: Magic Dart (safe; 1% risk of failure)
Confirm with . or Enter, or press ? or * to list all spells.
You conjure some foxfire!
Casting: Foxfire (safe; 1% risk of failure)
Confirm with . or Enter, or press ? or * to list all spells.
You conjure some foxfire!
Casting: Foxfire (safe; 1% risk of failure)
Confirm with . or Enter, or press ? or * to list all spells.
You conjure some foxfire!
Casting: Foxfire (safe; 1% risk of failure)
Confirm with . or Enter, or press ? or * to list all spells.
There is not enough space to conjure foxfire!
Casting: Foxfire (safe; 1% risk of failure)
Confirm with . or Enter, or press ? or * to list all spells.
There is not enough space to conjure foxfire!
Your foxfire dissipates! x2
Casting: Foxfire (safe; 1% risk of failure)
Confirm with . or Enter, or press ? or * to list all spells.
Aiming: Inner Flame (dangerous; 4% risk of failure)
Press: ? - help, Dir - move target, f - orc
Aim: an orc, wielding a +0 short sword and quivering boomerangs (black smoke, chance to affect: 90%)
The orc is filled with an inner flame.
The foxfire hits the orc.
You kill the orc!
Casting: Inner Flame (dangerous; 4% risk of failure)
Confirm with . or Enter, or press ? or * to list all spells.
Flames lash the orc.
The orc explodes!
The fiery explosion engulfs you!! You resist.
Ouch! That really hurt!
You die...

#........#
#........#
####........####
oo.)...........>...
#........###....
#........# ..
##.)v§§§§.#
..)...§§§§###
o)#######@§# . ##§#
#§# #.. .#.# . .# .
.. .. ..


There were no monsters in sight!

Vanquished Creatures
  An orc priest (D:6)
  Crazy Yiuf (D:3)
  A hound (D:6)
  Terence (D:3)
  Natasha (twice) (D:3)
  6 adders
  4 gnolls (D:2)
  A shadow imp (D:6)
  A worm (D:2)
  4 dart slugs
  12 orcs
  6 endoplasms
  2 giant cockroaches
  3 goblins
  5 hobgoblins
  5 quokkas
  12 ball pythons
  5 bats
  2 frilled lizards
  8 kobolds
  6 rats
88 creatures vanquished.

Vanquished Creatures (others)
  95 foxfires
95 creatures vanquished.

Grand Total: 183 creatures vanquished

Notes
Turn   | Place    | Note
-------+----------+-------------------------------------------
     0 | D:1      | jesse the Djinni Fire Elementalist began the quest for the
                  | Orb.
     0 | D:1      | jesse set off with the following spells memorised: Foxfire,
                  | Scorch, Conjure Flame, Inner Flame, Flame Wave.
     0 | D:1      | Reached XP level 1. HP: 15/15 MP: 0/0
   539 | D:1      | Reached XP level 2. HP: 11/21 MP: 0/0
  1707 | D:2      | Reached skill level 3 in Spellcasting
  1743 | D:2      | Reached XP level 3. HP: 21/25 MP: 0/0
  1743 | D:2      | Learned a level 1 spell: Magic Dart
  1817 | D:2      | Reached skill level 1 in Short Blades
  1828 | D:2      | Reached XP level 4. HP: 13/31 MP: 0/0
  2647 | D:2      | Reached XP level 5. HP: 26/35 MP: 0/0
  2647 | D:2      | Learned a level 2 spell: Blink
  3279 | D:3      | Found a broken altar of Ashenzari.
  3531 | D:3      | Noticed Terence
  3536 | D:3      | Killed Terence
  3537 | D:3      | Reached skill level 4 in Spellcasting
  3965 | D:3      | Found a runed translucent door.
  3966 | D:3      | Noticed Crazy Yiuf
  4435 | D:3      | Noticed Natasha
  4445 | D:3      | Killed Natasha
  4446 | D:3      | Reached XP level 6. HP: 15/40 MP: 0/0
  4686 | D:3      | Noticed Natasha
  4692 | D:3      | Killed Natasha
  4947 | D:3      | Killed Crazy Yiuf
  5631 | D:4      | You are sucked into a shaft and drop 2 floors!
  5650 | D:6      | Reached skill level 5 in Spellcasting
  5666 | D:6      | Killed by an exploding orc... ignited by their inner flame

Illustrated notes

Levels and vault maps discovered:
D:1:      dpeg_arrival_central, layout_loops_corners, st_stairs_2
D:2:      layout_basic
D:3:      layout_loops_ring, ashenzari_altar_1, minmay_statues_item,
          minmay_increasing_density, uniq_terence, uniq_natasha,
          uniq_crazy_yiuf_cottage
D:4:      layout_gridville
D:6:      layout_basic, minmay_temple_entry_trees

Skill      XL: |  1  2  3  4  5  6 |
---------------+-------------------+-----
Spellcasting   | 3 4 5 |  5.1
Short Blades   | 1 2 |  2.0
Staves         | |  0.7
Dodging        | |  2.1
Stealth        | |  1.5

Action                   |  1- 3 |  4- 6 || total
-------------------------+-------+-------++-------
Melee: Dagger            |    25 |    16 ||    41
 Cast: Foxfire           |    14 |    47 ||    61
       Scorch            |     3 |    17 ||    20
       Magic Dart        |    14 |    68 ||    82
       Conjure Flame     |       |    11 ||    11
       Blink             |       |     1 ||     1
       Inner Flame       |       |    18 ||    18
       Flame Wave        |       |     1 ||     1
  Use: Scroll            |       |     5 ||     5
       Potion            |       |     1 ||     1
 Stab: Sleeping          |     4 |       ||     4
Armor: Robe              |     3 |     5 ||     8
Dodge: Dodged            |    27 |    17 ||    44

Table legend: (Time is in decaauts)
 A = Elapsed time spent in this place.
 B = Non-inter-level travel time spent in this place.
 C = Inter-level travel time spent in this place.
 D = Time resting spent in this place.
 E = Time spent auto-exploring this place.
 F = Levels seen in this place.
 G = Mean time per level.
                   A        B        C        D        E       F      G
               +--------+--------+--------+--------+--------+-----+--------+
         Total |   5665 |   5571 |     94 |   1602 |   3374 |   5 | 1133.0 |
       Dungeon |   5665 |   5571 |     94 |   1602 |   3374 |   5 | 1133.0 |
               +--------+--------+--------+--------+--------+-----+--------+

Top non-repeatable levels by time:
     D:3: 1908 daAuts
     D:2: 1686 daAuts
     D:1: 1588 daAuts
     D:4: 447 daAuts
     D:6: 34 daAuts
